[Event "ICC tourney 2354 (60 10)"]
[Site "Internet Chess Club"]
[Date "2021.01.31"]
[Round "4"]
[White "Elisey2011"]
[Black "arhanj"]
[Result "0-1"]
[ICCResult "White checkmated"]
[WhiteElo "581"]
[BlackElo "1300"]
[Opening "QGD Slav: 3.Nf3"]
[ECO "D11"]
[NIC "SL.01"]
[Time "10:01:46"]
[PlyCount "56"]
[TimeControl "3600+10"]

1. d4 d5 2. c4 c6 3. Nf3 Nf6 4. Bf4 e6 5. e3 Nbd7 6. Nbd2 Be7 7. Be2 O-O 8.
O-O b6 9. b3 Bb7 10. h3 c5 11. Rc1 Ne4 12. Bd3 f5 13. Re1 Ndf6 14. Be5 Bd6
15. Re2 Bxe5 16. Nxe5 Nxd2 17. Rxd2 Ne4 18. Rdc2 Qg5 19. Nf3 Qe7 20. Ne5
Qg5 21. Nf3 Qf6 22. Ne5 Rad8 23. Qf3 dxc4 24. Bxc4 Nd6 25. Qg3 Nxc4 26. Rc3
Nxe5 27. dxe5 Qg6 28. Qh4 Qxg2# { White checkmated } 0-1

[Event "ICC tourney 2354 (60 10)"]
[Site "Internet Chess Club"]
[Date "2021.01.31"]
[Round "4"]
[White "pirate6400"]
[Black "TommyBrady1"]
[Result "1-0"]
[ICCResult "Black resigns"]
[WhiteElo "1089"]
[BlackElo "869"]
[Opening "Sicilian: Alapin's variation (2.c3)"]
[ECO "B22"]
[NIC "SI.46"]
[Time "10:01:37"]
[PlyCount "107"]
[TimeControl "3600+10"]

1. e4 c5 2. c3 Nc6 3. d4 cxd4 4. cxd4 g6 5. Nf3 Bg7 6. e5 d6 7. exd6 exd6
8. Bb5 Qe7+ 9. Be3 a6 10. Ba4 b5 11. Bb3 Nf6 12. O-O O-O 13. Qd2 a5 14. a3
Be6 15. d5 a4 16. Ba2 Ne5 17. Nxe5 dxe5 18. dxe6 Rad8 19. exf7+ Rxf7 20.
Bxf7+ Kf8 21. Qb4 Qxb4 22. axb4 Kxf7 23. Nc3 Rb8 24. Rfd1 Ng4 25. Bc5 e4
26. Rd7+ Kg8 27. Bd4 Bf8 28. Nxe4 Bxb4 29. Rg7+ Kf8 30. Ng5 Nh6 31. Ne6+
Ke8 32. Nc7+ Kd8 33. Bf6+ Kc8 34. Rd1 Kb7 35. Nd5+ Ka6 36. Nxb4+ Ka5 37.
Bc3 Nf5 38. Rdd7 Re8 39. Ra7+ Kb6 40. Rgb7+ Kc5 41. Rc7+ Kd6 42. Rd7+ Ke6
43. g4 Nh4 44. Rd2 Nf3+ 45. Kg2 Nxd2 46. Bxd2 Rd8 47. Bc3 Rc8 48. Ra6+ Kf7
49. Ra7+ Kg8 50. Rg7+ Kf8 51. Rxh7 a3 52. Rh8+ Ke7 53. Rxc8 axb2 54. Bxb2 {
Black resigns } 1-0

[Event "ICC tourney 2354 (60 10)"]
[Site "Internet Chess Club"]
[Date "2021.01.31"]
[Round "4"]
[White "che8642"]
[Black "KevKing"]
[Result "1-0"]
[ICCResult "Black checkmated"]
[WhiteElo "1563"]
[BlackElo "1345"]
[Opening "Queen's pawn game"]
[ECO "A45"]
[NIC "QP.07"]
[Time "10:01:38"]
[PlyCount "65"]
[TimeControl "3600+10"]

1. d4 Nf6 2. Nc3 Nc6 3. Bf4 d5 4. Nb5 e5 5. Bxe5 Nxe5 6. dxe5 Ng4 7. Qxd5
Qxd5 8. Nxc7+ Kd8 9. Nxd5 Nxe5 10. O-O-O Bd7 11. h3 Rc8 12. e3 Nc6 13. Nf3
Bc5 14. Bc4 Na5 15. Be2 Re8 16. b4 Re6 17. Ng5 Rec6 18. Nxf7+ Ke8 19. Ne5
Re6 20. Nxd7 Kxd7 21. Bg4 Bxb4 22. Nxb4+ Ke7 23. Bxe6 Kxe6 24. Rd4 Nc4 25.
Rhd1 Na3 26. Rd6+ Kf7 27. Rd7+ Kg6 28. R1d6+ Kg5 29. Rxg7+ Kf5 30. Re7 a5
31. g4+ Kg5 32. Re5+ Kh4 33. Rh6# { Black checkmated } 1-0

[Event "ICC tourney 2354 (60 10)"]
[Site "Internet Chess Club"]
[Date "2021.01.31"]
[Round "4"]
[White "georgebg"]
[Black "DarrenReiss"]
[Result "0-1"]
[ICCResult "White resigns"]
[WhiteElo "1004"]
[BlackElo "1537"]
[Opening "Sicilian: closed, 2...Nc6"]
[ECO "B23"]
[NIC "SI.44"]
[Time "10:02:26"]
[PlyCount "72"]
[TimeControl "3600+10"]

1. e4 c5 2. Nc3 Nc6 3. Nf3 d6 4. Bb5 Nf6 5. d4 cxd4 6. Nxd4 Qc7 7. Bg5 Bd7
8. Nxc6 bxc6 9. Ba4 Nxe4 10. Nxe4 Qa5+ 11. Nc3 Qxg5 12. Qf3 Rc8 13. Ne4
Qa5+ 14. Nc3 e6 15. O-O-O Be7 16. Bb3 O-O 17. h4 c5 18. a3 c4 19. Ba2 d5
20. h5 Bf6 21. h6 Bxc3 22. bxc3 Qxa3+ 23. Kd2 Qe7 24. hxg7 Qg5+ 25. Ke2
Kxg7 26. Rh3 Qe5+ 27. Kf1 Kh8 28. Re1 Qf5 29. Qe3 Rg8 30. Qd4+ Rg7 31. Re5
Qg4 32. Qxg4 Rxg4 33. Reh5 Rg7 34. R5h4 Rb8 35. Bxc4 dxc4 36. Rxc4 Bb5 {
White resigns } 0-1

[Event "ICC tourney 2354 (60 10)"]
[Site "Internet Chess Club"]
[Date "2021.01.31"]
[Round "4"]
[White "NathanBolk"]
[Black "Ken121"]
[Result "1-0"]
[ICCResult "Black resigns"]
[WhiteElo "1167"]
[BlackElo "1145"]
[Opening "Queen's pawn game"]
[ECO "D02"]
[NIC "QP.08"]
[Time "10:06:48"]
[PlyCount "103"]
[TimeControl "3600+10"]

1. d4 d5 2. Nf3 Bf5 3. Bf4 Nf6 4. e3 e6 5. c4 c6 6. Nc3 Nbd7 7. Qb3 Nb6 8.
c5 Nbd7 9. Qxb7 Qc8 10. Qxc8+ Rxc8 11. Ba6 Ra8 12. Bb7 Rd8 13. Bc7 Be7 14.
Bxd8 Bxd8 15. Bxc6 O-O 16. Bxd7 Nxd7 17. b4 Bd3 18. Kd2 Bc4 19. Rhb1 a6 20.
a4 Re8 21. b5 a5 22. c6 Nb8 23. Ne5 Bb6 24. Nxc4 dxc4 25. Ke2 Rd8 26. Kf3
Kf8 27. Ke4 f6 28. f4 Ke7 29. g4 g6 30. h4 h6 31. f5 g5 32. hxg5 hxg5 33.
Rh1 Rf8 34. Rh7+ Rf7 35. Rxf7+ Kxf7 36. d5 e5 37. Rh1 Ke7 38. Rh8 Bc7 39.
Ne2 Kd6 40. Rf8 Ke7 41. Rg8 Kd6 42. Kf3 Ke7 43. Kf2 Kd6 44. Ke1 Ke7 45. Kf1
Kd6 46. Ke1 Ke7 47. Kd2 Kd6 48. Kc3 Kc5 49. Rc8 Bd6 50. Rg8 Bc7 51. Rg6 Bd8
52. Rg7 { Black resigns } 1-0

[Event "ICC tourney 2354 (60 10)"]
[Site "Internet Chess Club"]
[Date "2021.01.31"]
[Round "4"]
[White "Yamato1945"]
[Black "Fundog4"]
[Result "1/2-1/2"]
[ICCResult "Game drawn by mutual agreement"]
[WhiteElo "1397"]
[BlackElo "1150"]
[Opening "QGD: 4.Bg5 Be7"]
[ECO "D53"]
[NIC "QO.13"]
[Time "10:01:54"]
[PlyCount "67"]
[TimeControl "3600+10"]

1. d4 e6 2. c4 d5 3. Nc3 Nf6 4. Bg5 Be7 5. e3 c5 6. dxc5 Bxc5 7. cxd5 exd5
8. Nxd5 Qxd5 9. Qxd5 Nxd5 10. a3 Be6 11. Rc1 b6 12. Nf3 Nd7 13. g3 O-O 14.
e4 N5f6 15. e5 Nd5 16. b4 Nxb4 17. axb4 Bxb4+ 18. Bd2 Bxd2+ 19. Kxd2 Bd5
20. Bg2 Nxe5 21. Ke3 Nxf3 22. Bxf3 Bxf3 23. Kxf3 Rfc8 24. Rxc8+ Rxc8 25.
Ra1 Ra8 26. Ke4 Kf8 27. Kd5 Ke7 28. Kc6 Ke6 29. Kb7 Rd8 30. Ra2 Rd7+ 31.
Kc8 Re7 32. Kd8 Rd7+ 33. Kc8 Re7 34. Kd8 { Game drawn by mutual agreement }
1/2-1/2

[Event "ICC tourney 2354 (60 10)"]
[Site "Internet Chess Club"]
[Date "2021.01.31"]
[Round "4"]
[White "Nedas15"]
[Black "JacobFeuerstein"]
[Result "0-1"]
[ICCResult "White checkmated"]
[WhiteElo "376"]
[BlackElo "1099"]
[Opening "Scandinavian (center counter) defense"]
[ECO "B01"]
[NIC "SD.02"]
[Time "10:02:01"]
[PlyCount "98"]
[TimeControl "3600+10"]

1. e4 d5 2. exd5 Qxd5 3. Nc3 Qd8 4. Bc4 Nf6 5. Nf3 Bf5 6. Ne5 e6 7. O-O Bd6
8. d4 O-O 9. d5 Bxe5 10. Re1 Bxc3 11. bxc3 exd5 12. Bd3 Bxd3 13. cxd3 Re8
14. Rf1 Qd6 15. g3 Nc6 16. Bf4 Qd7 17. c4 dxc4 18. dxc4 Qxd1 19. Rfxd1 Re7
20. Re1 Rxe1+ 21. Rxe1 Re8 22. Rd1 Rd8 23. Rc1 Nb4 24. Bxc7 Rd7 25. Ba5 Nd3
26. Rd1 b6 27. Bc3 Nc5 28. Re1 Nce4 29. Bb4 h6 30. f3 Ng5 31. Be7 Nxf3+ 32.
Kf2 Nxe1 33. Kxe1 Rxe7+ 34. Kf2 Ne4+ 35. Ke3 Nxg3+ 36. Kf3 Re2 37. Kg4 Rxa2
38. Kh3 a5 39. Kxg3 a4 40. h4 a3 41. c5 bxc5 42. h5 Rb2 43. Kg4 a2 44. Kh4
a1=Q 45. Kg4 Rf2 46. Kh3 Qh1+ 47. Kg3 Qg2+ 48. Kh4 Qg1 49. Kh3 Rh2# { White
checkmated } 0-1

[Event "ICC tourney 2354 (60 10)"]
[Site "Internet Chess Club"]
[Date "2021.01.31"]
[Round "4"]
[White "BSILawrence"]
[Black "dontbliink"]
[Result "1-0"]
[ICCResult "Black checkmated"]
[WhiteElo "1167"]
[BlackElo "902"]
[Opening "Four knights: Scotch, 4...exd4"]
[ECO "C47"]
[NIC "KP.06"]
[Time "10:01:48"]
[PlyCount "157"]
[TimeControl "3600+10"]

1. e4 e5 2. Nf3 Nc6 3. Nc3 Nf6 4. d4 exd4 5. Nxd4 Bc5 6. Be3 d6 7. Nxc6
bxc6 8. Bxc5 dxc5 9. Qxd8+ Kxd8 10. O-O-O+ Bd7 11. g3 Ke8 12. e5 Ng4 13.
Rg1 Nxf2 14. Rd2 Ng4 15. Bg2 Nxe5 16. Re1 f6 17. Na4 Kf7 18. Nxc5 Rad8 19.
Nxd7 Nxd7 20. Bxc6 Ne5 21. Bd5+ Kg6 22. Be4+ Kh6 23. Red1 Rde8 24. b3 Ng4
25. Bc6 Re6 26. Bd7 Re4 27. Bxg4 Rxg4 28. Rd7 Rc8 29. Rf7 Re8 30. Rxc7 Re2
31. Rxa7 Rxh2 32. Rd3 Rh1+ 33. Kb2 Rg1 34. c4 Rg2+ 35. Ka3 R2xg3 36. Rd1
Rxc4 37. Rh1+ Kg6 38. Rd1 Kf5 39. Rdd7 Rcg4 40. Rd5+ Ke6 41. Rh5 h6 42.
Ra6+ Kf7 43. Ra7+ Ke6 44. Ra6+ Kf7 45. Ra7+ Kg6 46. Rb5 h5 47. Rbb7 Kh6 48.
Rb8 Rh4 49. Rh8+ Kg6 50. Rg8 Kh6 51. Rh8+ Kg6 52. Rg8 Kh7 53. Rf8 Rf4 54.
Raa8 Kg6 55. Ra4 Rxa4+ 56. Kxa4 h4 57. Rh8 h3 58. b4 Rg2 59. Rxh3 Rxa2+ 60.
Kb3 Rg2 61. b5 Kf7 62. b6 Rg1 63. Kc4 Rb1 64. Kc5 Ke7 65. Kc6 Kd8 66. b7
Rxb7 67. Kxb7 Ke7 68. Kc6 Ke6 69. Re3+ Kf5 70. Kd5 g5 71. Rf3+ Kg6 72. Ke4
g4 73. Rg3 Kg5 74. Ke3 f5 75. Kf2 f4 76. Rg1 Kh4 77. Ke2 g3 78. Kf3 Kh3 79.
Rh1# { Black checkmated } 1-0

[Event "ICC tourney 2354 (60 10)"]
[Site "Internet Chess Club"]
[Date "2021.01.31"]
[Round "4"]
[White "riaanj"]
[Black "CH246"]
[Result "1-0"]
[ICCResult "Black resigns"]
[WhiteElo "960"]
[BlackElo "1288"]
[Opening "Three knights game"]
[ECO "C46"]
[NIC "KP.06"]
[Time "10:01:46"]
[PlyCount "55"]
[TimeControl "3600+10"]

1. e4 e5 2. Nc3 Nc6 3. Nf3 Bc5 4. Nxe5 Bxf2+ 5. Kxf2 Nxe5 6. d4 Qf6+ 7. Kg1
Nh6 8. h3 Ng6 9. e5 Qh4 10. Qf3 Qxd4+ 11. Be3 Qxe5 12. Bc4 Nf5 13. Re1 Ngh4
14. Qf2 Ne7 15. Qxf7+ Kd8 16. Bf2 Qg5 17. Bxh4 Qxh4 18. Rf1 Qd4+ 19. Kh2
Qd6+ 20. Kg1 Ng6 21. Qxg7 Qc5+ 22. Kh2 Qd6+ 23. Kg1 Qc5+ 24. Rf2 Rf8 25.
Ne4 Qe3 26. Qxh7 Nf4 27. Qh4+ Ke8 28. Nf6+ { Black resigns } 1-0

[Event "ICC tourney 2354 (60 10)"]
[Site "Internet Chess Club"]
[Date "2021.01.31"]
[Round "4"]
[White "GeorgeBugayev"]
[Black "SAHYmilana"]
[Result "1-0"]
[ICCResult "Black checkmated"]
[WhiteElo "1786"]
[BlackElo "1372"]
[Opening "Scotch: Schmidt variation"]
[ECO "C45"]
[NIC "SO.04"]
[Time "10:02:08"]
[PlyCount "55"]
[TimeControl "3600+10"]

1. e4 e5 2. Nf3 Nc6 3. d4 exd4 4. Nxd4 Nf6 5. Nc3 Bc5 6. Be3 d6 7. Nxc6
bxc6 8. Bxc5 dxc5 9. Qxd8+ Kxd8 10. O-O-O+ Ke7 11. f3 Re8 12. Bc4 Kf8 13.
Rd2 Rb8 14. a3 Be6 15. Bxe6 Rxe6 16. Rhd1 Ree8 17. Na4 Rb5 18. Rd8 c4 19.
R8d4 Rh5 20. h3 Rg5 21. g4 h5 22. Rxc4 hxg4 23. hxg4 Ra5 24. Nc5 Ke7 25.
Nb3 Ra6 26. Nd4 Rh8 27. Nxc6+ Ke8 28. Rd8# { Black checkmated } 1-0

[Event "ICC tourney 2354 (60 10)"]
[Site "Internet Chess Club"]
[Date "2021.01.31"]
[Round "4"]
[White "Boyan0619"]
[Black "SAAaron"]
[Result "1-0"]
[ICCResult "Black checkmated"]
[WhiteElo "1412"]
[BlackElo "1627"]
[Opening "Scotch game"]
[ECO "C45"]
[NIC "SO.05"]
[Time "10:01:54"]
[PlyCount "73"]
[TimeControl "3600+10"]

1. e4 e5 2. Nf3 Nc6 3. d4 exd4 4. Nxd4 Bc5 5. Be3 Qf6 6. c3 Nge7 7. Bc4 d6
8. O-O Ne5 9. Bb3 O-O 10. Qd2 Qh4 11. Bg5 Qg4 12. Bxe7 Bxd4 13. Bd1 Qxe4
14. cxd4 Nc4 15. Qe2 Qxd4 16. Bxf8 Kxf8 17. Re1 Be6 18. Bb3 Ne5 19. Bxe6
fxe6 20. Nc3 c6 21. Rad1 Qc5 22. Qe3 Qb4 23. Qd2 Nc4 24. Qf4+ Ke7 25. Qe4
e5 26. Qh4+ Kd7 27. b3 Qxc3 28. Qxc4 Qb2 29. Qf7+ Kc8 30. Qe8+ Kc7 31. Qxa8
Qxa2 32. Ra1 Qxb3 33. Qxa7 Qc4 34. Reb1 Kd8 35. Qxb7 Qe6 36. Ra8+ Qc8 37.
Rxc8# { Black checkmated } 1-0

[Event "ICC tourney 2354 (60 10)"]
[Site "Internet Chess Club"]
[Date "2021.01.31"]
[Round "4"]
[White "FireballCaden"]
[Black "SamPozen"]
[Result "0-1"]
[ICCResult "White checkmated"]
[WhiteElo "1540"]
[BlackElo "1293"]
[Opening "English opening"]
[ECO "A13"]
[NIC "EO.64"]
[Time "10:01:45"]
[PlyCount "104"]
[TimeControl "3600+10"]

1. c4 e6 2. Nc3 d5 3. cxd5 exd5 4. e3 Nf6 5. g3 g6 6. Bg2 Bg7 7. Nge2 O-O
8. O-O c5 9. Nf4 Be6 10. Qb3 Nc6 11. Ncxd5 Nxd5 12. Bxd5 Na5 13. Qb5 Bxd5
14. Nxd5 a6 15. Qa4 b5 16. Qe4 Re8 17. Qg2 Nc4 18. Rb1 Re5 19. Nf4 Rb8 20.
d3 Na5 21. b3 g5 22. Nh5 Qxd3 23. Rb2 Qg6 24. Nxg7 Kxg7 25. Rc2 Qxc2 26. g4
c4 27. Qg3 Rbe8 28. bxc4 Nxc4 29. Qf3 Nd2 30. Bxd2 Qxd2 31. Qb7 Qd5 32.
Qxa6 Re4 33. h3 R8e6 34. Qa3 Rh6 35. Qc3+ Kg6 36. Kh2 Qe5+ 37. Qxe5 Rxe5
38. Kg3 Re4 39. Rb1 Ra4 40. Rxb5 Rxa2 41. Rb7 Ra1 42. Kg2 Kg7 43. Rc7 Ra2
44. Kg3 Rf6 45. f4 gxf4+ 46. exf4 Ra3+ 47. Kh4 Rxf4 48. Rc5 Rff3 49. Rg5+
Kf6 50. Rf5+ Rxf5 51. gxf5 Kxf5 52. Kh5 Rxh3# { White checkmated } 0-1

[Event "ICC tourney 2354 (60 10)"]
[Site "Internet Chess Club"]
[Date "2021.01.31"]
[Round "4"]
[White "CoolBoy2020"]
[Black "rkanury1"]
[Result "1-0"]
[ICCResult "Black resigns"]
[WhiteElo "2197"]
[BlackElo "1672"]
[Opening "Sicilian: dragon, Yugoslav attack, 10.O-O-O"]
[ECO "B78"]
[NIC "SI.18"]
[Time "10:01:47"]
[PlyCount "37"]
[TimeControl "3600+10"]

1. e4 c5 2. Nf3 Nc6 3. d4 cxd4 4. Nxd4 g6 5. Nc3 Bg7 6. Be3 Nf6 7. f3 d6 8.
Qd2 O-O 9. Bc4 Bd7 10. O-O-O Rc8 11. Bb3 Qa5 12. Kb1 Kh8 13. h4 Nxd4 14.
Bxd4 b5 15. h5 Nxh5 16. Bxg7+ Kxg7 17. g4 Nf6 18. Qh6+ Kg8 19. Nd5 { Black
resigns } 1-0

[Event "ICC tourney 2354 (60 10)"]
[Site "Internet Chess Club"]
[Date "2021.01.31"]
[Round "4"]
[White "ABGame"]
[Black "ArisL"]
[Result "1-0"]
[ICCResult "Black checkmated"]
[WhiteElo "1285"]
[BlackElo "787"]
[Opening "Scandinavian defense"]
[ECO "B01"]
[NIC "SD.03"]
[Time "10:02:06"]
[PlyCount "71"]
[TimeControl "3600+10"]

1. e4 d5 2. exd5 Nf6 3. Bb5+ Bd7 4. Be2 Nxd5 5. d4 Nc6 6. c4 Nf6 7. Nf3 g6
8. Nc3 Bg7 9. Qb3 Rb8 10. d5 Na5 11. Qa3 b6 12. Bd2 O-O 13. O-O Bf5 14.
Rac1 Qd7 15. b4 Nb7 16. Ne5 Qd6 17. Nc6 Bg4 18. Bxg4 Nxg4 19. g3 Nd8 20.
Nxb8 e6 21. Nb5 Qe5 22. Nd7 Qh5 23. h4 Re8 24. Nxc7 Re7 25. Qa4 exd5 26.
Nxd5 Re2 27. f3 Rxd2 28. fxg4 Qh6 29. N7f6+ Bxf6 30. Nxf6+ Kg7 31. Qe8 Rg2+
32. Kxg2 Qd2+ 33. Kh3 Qh2+ 34. Kxh2 Kh6 35. g5+ Kg7 36. Qg8# { Black
checkmated } 1-0

[Event "ICC tourney 2354 (60 10)"]
[Site "Internet Chess Club"]
[Date "2021.01.31"]
[Round "4"]
[White "Noahchess328"]
[Black "JulianLoshak"]
[Result "1-0"]
[ICCResult "Black checkmated"]
[WhiteElo "1577"]
[BlackElo "1101"]
[Opening "Sicilian: Smith-Morra gambit"]
[ECO "B21"]
[NIC "SI.48"]
[Time "10:01:36"]
[PlyCount "65"]
[TimeControl "3600+10"]

1. e4 c5 2. d4 cxd4 3. c3 dxc3 4. Nxc3 Nc6 5. Nf3 d6 6. Bc4 Nf6 7. O-O e6
8. Bf4 Be7 9. Re1 O-O 10. Nb5 d5 11. Nc7 Bd6 12. Bxd6 Qxd6 13. Nxa8 Qb8 14.
exd5 exd5 15. Bxd5 Rd8 16. Qb3 Qxa8 17. Bxf7+ Kh8 18. Rad1 Bg4 19. Rxd8+
Qxd8 20. Qxb7 Na5 21. Qe7 Qa8 22. Rd1 Nc6 23. Qc7 g6 24. Rd6 Bd7 25. Rxf6
Kg7 26. Rxc6 Bxc6 27. Bd5+ Kh6 28. Bxc6 Qg8 29. Qf4+ Kg7 30. Qd4+ Kh6 31.
g4 Qc8 32. g5+ Kh5 33. Qh4# { Black checkmated } 1-0

[Event "ICC tourney 2354 (60 10)"]
[Site "Internet Chess Club"]
[Date "2021.01.31"]
[Round "4"]
[White "vihaan2011"]
[Black "IronFocus"]
[Result "0-1"]
[ICCResult "White checkmated"]
[WhiteElo "1307"]
[BlackElo "1548"]
[Opening "Sicilian: Najdorf, Lipnitzky attack"]
[ECO "B86"]
[NIC "SI.13"]
[Time "10:01:57"]
[PlyCount "86"]
[TimeControl "3600+10"]

1. e4 c5 2. Nf3 d6 3. d4 cxd4 4. Nxd4 Nf6 5. Nc3 a6 6. Bc4 e6 7. O-O Be7 8.
Re1 O-O 9. h3 b5 10. Bb3 Bb7 11. e5 dxe5 12. Rxe5 b4 13. Na4 Nc6 14. Re1
Nxd4 15. Be3 Nxb3 16. axb3 Nd5 17. Bd4 Bf6 18. Bc5 Re8 19. Qf3 Qc7 20. Qg4
Bc6 21. Rab1 Bxa4 22. bxa4 Qxc5 23. Qe4 Rac8 24. Re2 Qc4 25. Qxc4 Rxc4 26.
b3 Rc3 27. Rd2 Bg5 28. Re2 Nf4 29. Re5 Bf6 30. Ra5 Ra8 31. Rb2 Rxh3 32.
gxh3 Bxb2 33. Kh2 Ne2 34. Rc5 Bc3 35. a5 Nd4 36. Rg5 Nf3+ 37. Kg3 Nxg5 38.
f4 Ne4+ 39. Kf3 f5 40. h4 Rd8 41. h5 Rd2 42. Ke3 Bd4+ 43. Kf3 Rf2# { White
checkmated } 0-1

[Event "ICC tourney 2354 (60 10)"]
[Site "Internet Chess Club"]
[Date "2021.01.31"]
[Round "4"]
[White "shakuntala"]
[Black "GlibNest"]
[Result "0-1"]
[ICCResult "White checkmated"]
[WhiteElo "1160"]
[BlackElo "1498"]
[Opening "Danish gambit"]
[ECO "C21"]
[NIC "KP.04"]
[Time "10:01:41"]
[PlyCount "94"]
[TimeControl "3600+10"]

1. e4 e5 2. d4 exd4 3. c3 Nf6 4. cxd4 Nxe4 5. Qe2 Qe7 6. Nc3 Nxc3 7. Qxe7+
Bxe7 8. bxc3 d5 9. Nf3 Bf5 10. Bb5+ c6 11. Ba4 Nd7 12. O-O O-O 13. Bb3 Bf6
14. h3 Rfe8 15. c4 Bd3 16. Rd1 dxc4 17. Rxd3 cxd3 18. Bc4 c5 19. Bb2 cxd4
20. Bxd3 Nb6 21. Nxd4 Red8 22. Be4 Bxd4 23. Bxd4 Rxd4 24. Bxb7 Rad8 25. Bf3
g6 26. Rc1 Rc4 27. Re1 Rc2 28. Re7 Rxa2 29. Re2 Rxe2 30. Bxe2 a5 31. Kf1 a4
32. Ke1 a3 33. Bd1 Rxd1+ 34. Kxd1 a2 35. Kc1 a1=Q+ 36. Kc2 Qa2+ 37. Kc3
Qxf2 38. Kb4 Na4 39. Kxa4 Qb2 40. Ka5 Qb3 41. Ka6 Qb4 42. Ka7 Qb5 43. Ka8
Kf8 44. g3 Ke8 45. h4 Kd7 46. g4 Kc7 47. Ka7 Qa4# { White checkmated } 0-1

[Event "ICC tourney 2354 (60 10)"]
[Site "Internet Chess Club"]
[Date "2021.01.31"]
[Round "4"]
[White "CommissionerG"]
[Black "SalmonEater"]
[Result "1-0"]
[ICCResult "Black checkmated"]
[WhiteElo "1397"]
[BlackElo "1932"]
[Opening "Nimzo-Indian: classical variation"]
[ECO "E32"]
[NIC "NI.24"]
[Time "10:01:56"]
[PlyCount "39"]
[TimeControl "3600+10"]

1. d4 Nf6 2. c4 e6 3. Nc3 Bb4 4. Qc2 O-O 5. Nf3 c5 6. Bg5 Na6 7. e3 d6 8.
Bd3 h6 9. Bh4 Re8 10. O-O e5 11. Nd5 Ba5 12. dxe5 dxe5 13. Rad1 Bd7 14.
Nxf6+ gxf6 15. Bf5 Bxf5 16. Qxf5 Qc8 17. Qh5 Qe6 18. Qxh6 Qg4 19. Bxf6 Qg6
20. Qh8# { Black checkmated } 1-0

[Event "ICC tourney 2354 (60 10)"]
[Site "Internet Chess Club"]
[Date "2021.01.31"]
[Round "4"]
[White "kevin2010"]
[Black "forcemajor"]
[Result "1-0"]
[ICCResult "Black resigns"]
[WhiteElo "1126"]
[BlackElo "1423"]
[Opening "King's Indian: East Indian defense"]
[ECO "A48"]
[NIC "QP.06"]
[Time "10:01:32"]
[PlyCount "61"]
[TimeControl "3600+10"]

1. d4 Nf6 2. Nf3 g6 3. e3 d5 4. Be2 Bg7 5. O-O Bg4 6. h3 Bxf3 7. Bxf3 Nbd7
8. Nc3 c6 9. Re1 O-O 10. e4 dxe4 11. Bxe4 Nxe4 12. Nxe4 Nf6 13. Nxf6+ Bxf6
14. c3 Bg7 15. Bf4 Re8 16. Qb3 Qb6 17. Re2 Rad8 18. Qxb6 axb6 19. Bc7 Rd7
20. Bxb6 f6 21. Bc5 e5 22. Rae1 Rdd8 23. f4 Kf7 24. fxe5 fxe5 25. dxe5 Re6
26. Bd4 Rd5 27. Rf2+ Ke7 28. Rfe2 c5 29. Bf2 Bxe5 30. c4 Rdd6 31. Bxc5 {
Black resigns } 1-0

[Event "ICC tourney 2354 (60 10)"]
[Site "Internet Chess Club"]
[Date "2021.01.31"]
[Round "4"]
[White "MeeraBLab"]
[Black "adkot"]
[Result "0-1"]
[ICCResult "White resigns"]
[WhiteElo "1177"]
[BlackElo "1523"]
[Opening "Sicilian: closed, Korchnoi variation"]
[ECO "B23"]
[NIC "SI.44"]
[Time "10:01:36"]
[PlyCount "70"]
[TimeControl "3600+10"]

1. e4 c5 2. Nc3 e6 3. g3 d5 4. d3 d4 5. Nce2 Nc6 6. Bg2 e5 7. f4 exf4 8.
Nxf4 Nf6 9. Nf3 Bd6 10. Qe2 Bg4 11. Qf2 O-O 12. O-O Nb4 13. a3 Nc6 14. Re1
Bxf3 15. Bxf3 Ne5 16. Bg2 Nfg4 17. Qe2 Re8 18. h3 Nf6 19. Nh5 Ng6 20. Nf4
Bxf4 21. Bxf4 Nxf4 22. gxf4 Nd7 23. f5 Ne5 24. Qf2 Qg5 25. Kh2 Qh5 26. Qg3
c4 27. Rf1 cxd3 28. cxd3 f6 29. Rac1 Rac8 30. Rfe1 Rxc1 31. Rxc1 Qh6 32.
Rc7 g5 33. Rxb7 g4 34. Bf3 Nxf3+ 35. Kg2 Qd2+ { White resigns } 0-1

[Event "ICC tourney 2354 (60 10)"]
[Site "Internet Chess Club"]
[Date "2021.01.31"]
[Round "4"]
[White "ROYCHOI"]
[Black "FabulousRocket"]
[Result "1-0"]
[ICCResult "Black checkmated"]
[WhiteElo "1417"]
[BlackElo "1101"]
[Opening "Ruy Lopez: Anderssen variation"]
[ECO "C77"]
[NIC "RL.12"]
[Time "10:01:47"]
[PlyCount "191"]
[TimeControl "3600+10"]

1. e4 e5 2. Nf3 Nc6 3. Bb5 a6 4. Ba4 Nf6 5. d3 b5 6. Bb3 Be7 7. O-O d6 8.
Be3 Bg4 9. h3 Bh5 10. Nc3 h6 11. Nd5 O-O 12. Nxf6+ Bxf6 13. Bd5 Qd7 14. c3
Rad8 15. d4 exd4 16. cxd4 Bxf3 17. Qxf3 Nxd4 18. Qd1 Ne6 19. Qc2 Rfe8 20.
Rac1 Rc8 21. Bc6 Qe7 22. Bxe8 Rxe8 23. Rfe1 c5 24. f4 c4 25. f5 Nf8 26. Bf4
Nd7 27. Rcd1 Be5 28. Bxe5 Nxe5 29. Qd2 Nd3 30. Re3 Qa7 31. Kh2 Nxb2 32. Rb1
Nd3 33. Kg3 d5 34. Kf3 dxe4+ 35. Rxe4 Qb7 36. Qe3 Nf2 37. Kxf2 Qxe4 38.
Qxe4 Rxe4 39. Rc1 Rf4+ 40. Ke3 Rxf5 41. Rd1 Kf8 42. Rd8+ Ke7 43. Rc8 Re5+
44. Kd2 Rf5 45. Ke2 Rg5 46. Kf3 Rg6 47. Ra8 c3 48. Rc8 Kd7 49. Rxc3 Rc6 50.
Rd3+ Rd6 51. Rc3 b4 52. Rb3 a5 53. a3 bxa3 54. Rxa3 Ra6 55. g4 a4 56. h4
Ke6 57. Ke4 g6 58. g5 hxg5 59. hxg5 Ra5 60. Kf4 f6 61. gxf6 Kxf6 62. Kg4
Rg5+ 63. Kf4 Ra5 64. Kg4 Ke5 65. Rg3 a3 66. Kf3 a2 67. Rg5+ Kd4 68. Rxa5
Kc3 69. Rxa2 Kd4 70. Kg4 Ke5 71. Ra6 g5 72. Rg6 Ke4 73. Rxg5 Ke3 74. Rf5
Ke4 75. Kg5 Kd4 76. Kf6 Ke4 77. Ke6 Kd4 78. Rh5 Ke4 79. Rh4+ Kd3 80. Ke5
Kc3 81. Kd5 Kb3 82. Kc5 Ka3 83. Kb5 Kb3 84. Rh3+ Kc2 85. Kb4 Kd2 86. Kc4
Ke2 87. Kd4 Kf2 88. Ke4 Kg2 89. Ra3 Kh2 90. Kf4 Kg2 91. Rb3 Kh2 92. Kg4 Kg2
93. Rb2+ Kg1 94. Kf3 Kh1 95. Kg3 Kg1 96. Rb1# { Black checkmated } 1-0

[Event "ICC tourney 2354 (60 10)"]
[Site "Internet Chess Club"]
[Date "2021.01.31"]
[Round "4"]
[White "coolhacker1234"]
[Black "JackOliver"]
[Result "1-0"]
[ICCResult "Black resigns"]
[WhiteElo "1739"]
[BlackElo "1461"]
[Opening "Nimzo-Indian: Kmoch variation"]
[ECO "E20"]
[NIC "NI.30"]
[Time "10:01:41"]
[PlyCount "52"]
[TimeControl "3600+10"]

1. d4 Nf6 2. c4 e6 3. Nc3 Bb4 4. f3 d5 5. a3 Bxc3+ 6. bxc3 c6 7. cxd5 cxd5
8. e3 Nc6 9. Bd3 O-O 10. Ne2 e5 11. O-O exd4 12. cxd4 Re8 13. Ng3 Be6 14.
Bb2 Bc8 15. Qd2 Kh8 16. Rae1 a6 17. Bb1 Na5 18. Qd3 Nc4 19. Bc1 g6 20. e4
b5 21. Bg5 dxe4 22. fxe4 Re6 23. e5 Qd5 24. Bxf6+ Rxf6 25. exf6 Bb7 26. Qe4
Ne3 { Black resigns } 1-0

[Event "ICC tourney 2354 (60 10)"]
[Site "Internet Chess Club"]
[Date "2021.01.31"]
[Round "4"]
[White "andrew166"]
[Black "DanielBolk"]
[Result "1-0"]
[ICCResult "Black checkmated"]
[WhiteElo "1525"]
[BlackElo "1279"]
[Opening "Caro-Kann: classical variation"]
[ECO "B18"]
[NIC "CK.10"]
[Time "10:01:55"]
[PlyCount "115"]
[TimeControl "3600+10"]

1. e4 c6 2. d4 d5 3. Nc3 dxe4 4. Nxe4 Bf5 5. Ng3 Bg6 6. Nf3 Nf6 7. h4 h6 8.
Bc4 e6 9. Qe2 Be7 10. Bf4 Nbd7 11. h5 Bh7 12. O-O Nd5 13. Bc1 O-O 14. Bd3
Bxd3 15. Qxd3 N5f6 16. c4 c5 17. Be3 Rc8 18. Rfd1 Ng4 19. Bf4 cxd4 20. Nxd4
e5 21. Ndf5 exf4 22. Qxd7 Qxd7 23. Rxd7 Bc5 24. Ne4 Rfe8 25. Nxc5 Rxc5 26.
Nd6 Rf8 27. Rxb7 Rxh5 28. Rxa7 f6 29. Rc1 Rd8 30. Ra6 Kf8 31. c5 Rd5 32. b4
Rd2 33. b5 Nxf2 34. Nc4 R2d4 35. Kxf2 g5 36. Rxf6+ Kg7 37. Rd6 R4xd6 38.
Nxd6 Kf6 39. b6 Ke7 40. b7 Kd7 41. Rb1 Kc7 42. b8=Q+ Rxb8 43. Rxb8 Kxb8 44.
Nf7 h5 45. Nxg5 Kc7 46. Ne6+ Kc6 47. Nxf4 Kxc5 48. Nxh5 Kb4 49. g4 Ka3 50.
g5 Kxa2 51. g6 Kb3 52. g7 Ka3 53. g8=Q Ka4 54. Qb8 Ka5 55. Ke3 Ka4 56. Kd4
Ka3 57. Kc3 Ka4 58. Qb4# { Black checkmated } 1-0